 Dungeon Crawl Stone Soup version 0.24.0-123-gd5b16e6ec5 (webtiles) character file.

Game seed: 14403217880254610985, levelgen mode: deterministic

1445 Johnny the Spear-Bearer (level 8, -2/70 HPs)
             Began as a Demigod Gladiator on Jan 22, 2020.
             Slain by a bullfrog (4 damage)
             ... on level 7 of the Dungeon.
             The game lasted 00:07:15 (6617 turns).

Johnny the Spear-Bearer (Demigod Gladiator)         Turns: 6617, Time: 00:07:16

Health: -2/70      AC: 13    Str: 21    XL:     8   Next: 22%
Magic:  10/10      EV: 14    Int: 14    God:
Gold:   444        SH:  0    Dex: 25    Spells: 7/7 levels left

rFire    . . .     SeeInvis .   a - +0 trident
rCold    + + .     Gourm    .   (no shield)
rNeg     + . .     Faith    .   s - +1 chain mail {MR+}
rPois    .         Spirit   .   y - +0 helmet of the Barnacle {*Slow rC++ rN+ Int+2}
rElec    +         Reflect  .   b - +0 cloak
rCorr    .         Harm     .   v - +1 pair of gloves
MR       ++...                  (no boots)
Stlth    ..........             d - amulet "Docec" {RegenMP rElec Dex+3}
HPRegen  0.21/turn              F - ring of protection from magic
MPRegen  0.37/turn              B - ring of attention

@: agile, slowed, very slow
A: high mp 1
a: no special abilities


You were on level 7 of the Dungeon.
You were not hungry.

You visited 1 branch of the dungeon, and saw 7 of its levels.

You collected 444 gold pieces.

Inventory:

Hand Weapons
 a - a +0 trident (weapon)
Armour
 b - a +0 cloak (worn)
 s - a +1 chain mail of magic resistance (worn)
 v - a +1 pair of gloves (worn)
 y - the +0 helmet of the Barnacle (worn) {*Slow rC++ rN+ Int+2}
   (You took it off Robin on level 3 of the Dungeon)

   It affects your intelligence (+2).
   It greatly protects you from cold.
   It protects you from negative energy.
   It may slow you when you take damage.
Jewellery
 c - a cursed +3 ring of dexterity
 d - the amulet "Docec" (around neck) {RegenMP rElec Dex+3}
   (You found it on level 4 of the Dungeon)

   [amulet of magic regeneration]

   It increases your magic regeneration.
   It affects your dexterity (+3).
   It insulates you from electricity.
 l - an uncursed ring of fire
 p - a +2 amulet of reflection
 r - a +3 ring of intelligence
 B - a ring of attention (right hand)
 D - an uncursed ring of flight
 F - a ring of protection from magic (left hand)
 H - an uncursed amulet of guardian spirit
Wands
 e - a wand of iceblast (8)
Scrolls
 h - 5 scrolls of remove curse
 i - 3 scrolls of enchant armour
 k - a scroll of magic mapping
 m - a scroll of enchant weapon
 t - 2 scrolls of immolation
 u - a scroll of amnesia
 x - 3 scrolls of teleportation
 E - a scroll of blinking
 I - a scroll of acquirement {unknown}
Potions
 g - 2 potions of curing
 j - a potion of haste {unknown}
 n - 2 potions of resistance
 o - 2 potions of invisibility {unknown}
 q - a potion of cancellation
 w - 3 potions of magic
 z - a potion of ambrosia {unknown}
 A - a potion of agility
 C - a potion of might
 G - 2 potions of degeneration {unknown}
Comestibles
 f - 12 rations


   Skills:
 + Level 5.7 Fighting
 * Level 8.4 Polearms
 - Level 1.7 Throwing
 - Level 2.6 Dodging


You had 7 spell levels left.
You didn't know any spells.
Your spell library contained the following spells:

 Spells                   Type           Power        Failure   Level  Hunger
 Animate Skeleton         Necr           N/A          97%         1    ##.....
 Apportation              Tloc           #.....       97%         1    ##.....
 Confusing Touch          Hex            #.....       97%         1    ##.....
 Flame Tongue             Conj/Fire      #....        97%         1    ##.....
 Summon Small Mammal      Summ           #...         97%         1    ##.....
 Throw Flame              Conj/Fire      #.....       99%         2    ###....
 Conjure Flame            Conj/Fire      #.......     100%        3    ####...
 Inner Flame              Hex/Fire       #.......     100%        3    ####...
 Sticky Flame             Conj/Fire      #.......     100%        4    #####..
 Fireball                 Conj/Fire      #.........   100%        5    ######.


Dungeon Overview and Level Annotations

Branches:
Dungeon (7/15)             Temple (0/1) D:5


Innate Abilities, Weirdness & Mutations

You have an increased reservoir of magic. (+10% MP)


Message History

The ogre hits you with a +0 giant club!!
* * * LOW HITPOINT WARNING * * *
A bullfrog comes into view.
The bullfrog hits you.
* * * LOW HITPOINT WARNING * * *
You feel yourself slow down.
The bullfrog hits you but does no damage.
There is an open door here.
The bullfrog barely misses you.
It was a potion of magic.
Magic courses through your body. The bullfrog hits you.
* * * LOW HITPOINT WARNING * * *
The bullfrog closely misses you.
Unknown command.
It was a potion of agility.
You feel agile all of a sudden. The bullfrog hits you.
* * * LOW HITPOINT WARNING * * *
The bullfrog hits you.
You die...

#..............
#.############# #.####
#....# ####.# #######.#
#.......# #.#######
#@##.########
#.####F##........#
#....FZh.O######.###...
.......O................
.#.........###########..
#.........# #.........#
............
.#.........##


You could see an ogre, 2 bullfrogs, a hound and a jackal skeleton.

Vanquished Creatures
  Sigmund (D:3)
  Eustachio (D:4)
  A sky beast (D:6)
  An orc warrior (D:6)
  A black bear (D:6)
  A phantom (D:4)
  Crazy Yiuf (D:3)
  2 orc priests (D:6)
  A hound (D:6)
  2 jellies
  Jessica (D:2)
  2 iguanas (D:6)
  Terence (D:3)
  5 orc wizards
  4 worker ants
  A hound zombie (D:5)
  Robin (D:3)
  7 adders
  2 oozes
  An adder zombie (D:6)
  3 worms
  A dart slug (D:1)
  4 leopard geckos
  16 orcs
  2 ball pythons
  4 giant cockroaches
  24 goblins
  8 hobgoblins
  9 jackals
  16 kobolds
  4 quokkas
  9 bats
  8 frilled lizards
  13 rats
158 creatures vanquished.

Notes
Turn   | Place    | Note
-------+----------+-------------------------------------------
     0 | D:1      | Johnny the Demigod Gladiator began the quest for the Orb.
     0 | D:1      | Reached XP level 1. HP: 17/17 MP: 3/3
    74 | D:1      | Reached skill level 3 in Polearms
   172 | D:1      | Reached XP level 2. HP: 20/24 MP: 4/4
   420 | D:1      | Reached XP level 3. HP: 25/30 MP: 5/5
  1069 | D:2      | Noticed Jessica
  1083 | D:2      | Killed Jessica
  1083 | D:2      | Reached skill level 4 in Polearms
  1083 | D:2      | Reached XP level 4. HP: 21/37 MP: 6/6
  1091 | D:2      | Found a shattered altar of Ashenzari.
  1536 | D:3      | Noticed Terence
  1547 | D:3      | Killed Terence
  1649 | D:3      | Noticed Sigmund
  2387 | D:3      | Found a runed translucent door.
  2388 | D:3      | Noticed Crazy Yiuf
  2509 | D:3      | Reached XP level 5. HP: 45/45 MP: 7/7
  2547 | D:3      | Reached skill level 5 in Polearms
  2954 | D:3      | Identified the +0 helmet of the Barnacle {*Slow rC++ rN+
                  | Int+2}
  2954 | D:3      | Noticed Robin
  2996 | D:3      | Killed Robin
  3339 | D:3      | Killed Sigmund
  3339 | D:3      | Reached XP level 6. HP: 47/52 MP: 8/8
  3405 | D:3      | Found a white marble altar of Elyvilon.
  3501 | D:3      | Killed Crazy Yiuf
  3614 | D:4      | Reached skill level 6 in Polearms
  3622 | D:4      | Got a translucent jade amulet
  3627 | D:4      | Identified the amulet "Docec" {RegenMP rElec Dex+3} (You
                  | found it on level 4 of the Dungeon)
  4031 | D:4      | Reached XP level 7. HP: 45/60 MP: 9/9
  4110 | D:4      | Noticed Eustachio
  4131 | D:4      | Killed Eustachio
  4159 | D:5      | Entered Level 5 of the Dungeon
  4384 | D:5      | Found a basalt altar of Yredelemnul.
  4446 | D:5      | Reached skill level 7 in Polearms
  4462 | D:5      | Found a staircase to the Ecumenical Temple.
  4482 | D:5      | Found a shimmering blue altar of Sif Muna.
  5108 | D:6      | Reached skill level 5 in Fighting
  5477 | D:6      | Reached XP level 8. HP: 31/68 MP: 10/10
  5486 | D:6      | Reached skill level 8 in Polearms
  5992 | D:6      | Found a radiant altar of Vehumet.
  6617 | D:7      | HP: 2/70 [bullfrog (6)]
  6617 | D:7      | Slain by a bullfrog

Levels and vault maps discovered:
D:1:      matt_arrival_grand_opening, layout_basic, minmay_strange_pillars
D:2:      wander_river, layout_basic, evilmike_ruin_ashenzari,
          kennysheep_generic_room_7, uniq_jessica
D:3:      kennysheep_goblin_castle, layout_loops_ring,
          nicolae_overflow_hidden_temple, uniq_sigmund, uniq_crazy_yiuf_cottage,
          uniq_terence
D:4:      layout_gridville, uniq_eustachio
D:5:      layout_basic, yredelemnul_altar_generic,
          minmay_temple_entry_drinking_statues, first_ration, led_sif_book
D:6:      layout_basic, lemuel_round_altar
D:7:      layout_basic, dancing_weapons_uskayaw, makhleb_heckhound_becter,
          uniq_harold, uniq_duvessa

Skill      XL: |  1  2  3  4  5  6  7  8 |
---------------+-------------------------+-----
Polearms       | 3 4 5 6 7 8 |  8.4
Fighting       | 2 3 4 5 |  5.7
Throwing       | |  1.7
Dodging        | |  2.6

Action                   |  1- 3 |  4- 6 |  7- 9 || total
-------------------------+-------+-------+-------++-------
Melee: Trident           |   147 |   342 |   192 ||   681
Throw: Throwing net      |       |     4 |       ||     4
  Use: Potion            |       |     4 |     3 ||     7
       Scroll            |       |       |    10 ||    10
 Stab: Held in net/web   |       |     5 |       ||     5
  Eat: Chunk             |       |    10 |     7 ||    17
       Ration            |       |       |     1 ||     1
Armor: Leather armour    |     5 |       |       ||     5
       Plate armour      |    56 |       |       ||    56
       Chain mail        |    26 |   245 |   133 ||   404
Dodge: Dodged            |    57 |   137 |   105 ||   299
Block: Other             |       |    19 |       ||    19
       Reflection        |       |     3 |       ||     3
